 Dungeon Crawl Stone Soup version 0.22.0-81-g402daae (webtiles) character file.

4312 JeffiDaFish the Protected (level 10, -2/64 HPs)
             Began as a Gargoyle Fighter on Sept 17, 2018.
             Slain by Gastronok (26 damage)
             ... on level 8 of the Dungeon.
             The game lasted 00:23:29 (8766 turns).

JeffiDaFish the Protected (Gargoyle Fighter)        Turns: 8766, Time: 00:23:29

Health: -2/64      AC: 25    Str: 24    XL:     10   Next: 33%
Magic:  10/10      EV:  9    Int: 10    God:
Gold:   548        SH: 13    Dex:  9    Spells: 9/9 levels left

rFire    + . .     SeeInvis .   l - +0 morningstar
rCold    . . .     Gourm    .   c - +1 shield
rNeg     + . .     Faith    .   i - +0 chain mail
rPois    ∞         Spirit   .   k - +0 helmet
rElec    +         Reflect  .   (no cloak)
rCorr    .         Harm     .   b - +0 pair of gloves
MR       .....                  (no boots)
Stlth    ..........             (no amulet)
HPRegen  0.20/turn              w - +2 ring of evasion
MPRegen  0.12/turn              t - ring of protection from fire

@: studying Slings
A: icy blue scales 1, slimy green scales 1, negative energy resistance 1,
electricity resistance, strong 1, unbreathing, petrification resistance, rot
immunity, AC +7
a: no special abilities


You were on level 8 of the Dungeon.
You were not hungry.

You visited 2 branches of the dungeon, and saw 9 of its levels.

You collected 548 gold pieces.

Inventory:

Hand Weapons
 a - a +0 flail
 l - a +0 morningstar (weapon)
Armour
 b - a +0 pair of gloves (worn)
 c - a +1 shield (worn)
 i - a +0 chain mail (worn)
 k - a +0 helmet (worn)
Jewellery
 q - a +3 ring of intelligence
 t - a ring of protection from fire (right hand)
 w - a +2 ring of evasion (left hand)
Wands
 u - a wand of polymorph (4)
Scrolls
 e - 2 scrolls of teleportation
 h - 9 scrolls of identify
 j - 4 scrolls of remove curse
 m - 2 scrolls of magic mapping
 s - a scroll of enchant armour
Potions
 d - a potion of might
 g - a potion of heal wounds
 n - 2 potions of flight
 o - 4 potions of agility
 p - 3 potions of haste
 r - 3 potions of curing
Books
 x - a manual of Slings
Comestibles
 f - 20 rations


   Skills:
 + Level 7.7 Fighting
 + Level 6.2 Maces & Flails
 * Level 9.9 Armour
 * Level 9.7 Shields


You had 9 spell levels left.
You didn't know any spells.
Your spell library contained the following spells:

 Spells                   Type           Power        Failure   Level  Hunger
 Freeze                   Ice            #...         99%         1    ##.....
 Sandblast                Erth           #.....       99%         1    ##.....
 Sting                    Conj/Pois      #...         99%         1    ##.....
 Passwall                 Tmut/Erth      #.......     99%         2    ###....
 Poisonous Vapours        Pois/Air       #.....       99%         2    ###....
 Throw Frost              Conj/Ice       #.....       99%         2    ###....
 Conjure Flame            Conj/Fire      #.......     100%        3    ####...
 Mephitic Cloud           Conj/Pois/Air  #.......     100%        3    ####...
 Ozocubu's Armour         Chrm/Ice       #.......     100%        3    ####...
 Stone Arrow              Conj/Erth      #.....       100%        3    ####...
 Olgreb's Toxic Radiance  Pois           #.......     100%        4    #####..
 Petrify                  Tmut/Erth      #.......     100%        4    #####..
 Summon Ice Beast         Ice/Summ       #.......     100%        4    #####..
 Throw Icicle             Conj/Ice       #.......     100%        4    #####..
 Lee's Rapid Deconstruct  Erth           #.........   100%        5    ######.
 Venom Bolt               Conj/Pois      #.........   100%        5    ######.
 Freezing Cloud           Conj/Ice/Air   #.........   100%        6    #######
 Ring of Flames           Chrm/Fire      #.........   100%        7    #######


Dungeon Overview and Level Annotations

Branches:
Dungeon (8/15)             Temple (1/1) D:5
   Lair: D:8-11

Altars:
Ashenzari
Cheibriados
Dithmenos
Elyvilon
Fedhas
Gozag
Kikubaaqudgha
Makhleb
Nemelex Xobeh
Sif Muna
Trog
Uskayaw
Xom
Yredelemnul
Zin
The Shining One
Lugonu

Shops:
D:8 :

Annotations:
D:8 1 transporter, Gastronok


Innate Abilities, Weirdness & Mutations

You are resistant to torment.
Your stone body is resilient. (AC +7)
You are immune to poison.
You resist negative energy. (rN+)
You are resistant to electric shocks. (rElec)
You can survive without breathing.
You are immune to petrification.
You are immune to rotting.
You are partially covered in icy blue scales. (AC +2)
You are partially covered in slimy green scales. (AC +2)
Your muscles are strong. (Str +2)


Message History

You hit Gastronok but do no damage.
Gastronok is almost dead.
You block Gastronok's attack.
You completely miss Gastronok.
Gastronok is almost dead.
Gastronok wobbles crazily.
You hit Gastronok.
Gastronok is almost dead.
You eat one of the 21 rations.
That ration really hit the spot!
Gastronok casts a spell at you.
You barely resist. You sock Gastronok!
Gastronok is almost dead.
You hit Gastronok but do no damage.
Gastronok is almost dead.
Gastronok barely misses you.
You hit Gastronok but do no damage.
Gastronok is almost dead.
Gastronok bites you!!
You die...

#.................≈≈≈≈♣
###############..≈≈≈≈♣≈P
#.P≈♣≈≈≈♣
########..≈≈≈♣♣..#
#.........♣≈≈≈..P#
#......##.P≈≈..♣
#.............P..
#####.#.##.♣...## #@#$#
#..P#. #w#.. .....
#r#### ####. #$# #.# #.#
#.# #.#


You could see Gastronok and a river rat.

Vanquished Creatures
  A hornet (D:8)
  A hippogriff (D:8)
  Menkaure (D:5)
  2 soldier ants (D:8)
  5 ice beasts
  2 phantoms
  3 black bears
  4 ogres
  7 centaurs
  A big kobold (D:8)
  5 bullfrogs
  Blork the orc (D:4)
  A scorpion (D:6)
  A howler monkey (D:5)
  7 wights
  2 electric eels (D:8)
  4 crimson imps
  2 centaur zombies
  2 jellies
  2 hounds
  2 orc wizards
  An orc priest (D:6)
  3 iguanas
  7 worker ants
  A worker ant zombie (D:7)
  11 adders
  3 gnolls (D:5)
  A shadow imp (D:5)
  An ooze (D:5)
  An adder skeleton (D:4)
  A worm (D:2)
  A dart slug (D:3)
  A leopard gecko (D:5)
  11 orcs
  7 bats
  2 giant cockroaches
  9 hobgoblins
  4 jackals
  15 kobolds
  4 quokkas
  3 frilled lizards
  7 goblins
  A leopard gecko skeleton (D:4)
  A quokka zombie (D:5)
  6 rats
158 creatures vanquished.

Vanquished Creatures (others)
  A rat (D:1)
  A plant (D:8)
2 creatures vanquished.

Grand Total: 160 creatures vanquished

Notes
Turn   | Place    | Note
-------+----------+-------------------------------------------
     0 | D:1      | JeffiDaFish the Gargoyle Fighter began the quest for the
                  | Orb.
     0 | D:1      | Reached XP level 1. HP: 14/14 MP: 1/1
    95 | D:1      | Reached XP level 2. HP: 5/19 MP: 2/2
  1018 | D:1      | Reached XP level 3. HP: 12/24 MP: 3/3
  1372 | D:2      | Found a sparkling altar of Nemelex Xobeh.
  1591 | D:2      | Reached XP level 4. HP: 28/29 MP: 4/4
  2031 | D:3      | Gained mutation: You are partially covered in icy blue
                  | scales. (AC +2) [potion of mutation]
  2031 | D:3      | Gained mutation: Your muscles are strong. (Str +2) [potion
                  | of mutation]
  2031 | D:3      | Gained mutation: You are partially covered in slimy green
                  | scales. (AC +2) [potion of mutation]
  2328 | D:3      | Found a shadowy altar of Dithmenos.
  2964 | D:4      | Reached XP level 5. HP: 32/34 MP: 5/5
  3555 | D:4      | Noticed Blork the orc
  3569 | D:4      | Killed Blork the orc
  3569 | D:4      | Reached XP level 6. HP: 39/39 MP: 6/6
  3712 | D:4      | Found a shattered altar of Ashenzari.
  3724 | D:4      | Reached skill level 5 in Armour
  3874 | D:5      | Entered Level 5 of the Dungeon
  4153 | D:5      | Noticed an ice beast
  4165 | D:5      | Killed an ice beast
  4165 | D:5      | Reached skill level 5 in Shields
  4342 | D:5      | Noticed Menkaure
  4347 | D:5      | Found a staircase to the Ecumenical Temple.
  4354 | D:5      | Killed Menkaure
  4354 | D:5      | Reached skill level 5 in Fighting
  4354 | D:5      | Reached XP level 7. HP: 18/44 MP: 7/7
  4542 | Temple   | Entered the Ecumenical Temple
  4846 | D:5      | Found a basalt altar of Yredelemnul.
  5165 | D:5      | Reached XP level 8. HP: 29/50 MP: 8/8
  5436 | D:6      | Found a snail-covered altar of Cheibriados.
  6120 | D:6      | Reached XP level 9. HP: 43/55 MP: 9/9
  6392 | D:6      | Reached skill level 5 in Maces & Flails
  6726 | D:7      | Found a hide-covered altar of Uskayaw.
  7635 | D:8      | Reached XP level 10. HP: 43/63 MP: 10/10
  7819 | D:8      | Found a transporter.
  7822 | D:8      | Found a corrupted altar of Lugonu.
  8087 | D:8      | Found a shimmering altar of Xom.
  8088 | D:8      | Found a burning altar of Makhleb.
  8674 | D:8      | Found Anannud's Book Boutique.
  8722 | D:8      | Noticed Gastronok
  8766 | D:8      | Slain by Gastronok

Skill      XL: |  1  2  3  4  5  6  7  8  9 10 |
---------------+-------------------------------+-----
Fighting       | 4 5 6 7 |  7.7
Armour         | 4 5 6 7 9 |  9.9
Shields        | 4 5 6 7 9 |  9.7
Maces & Flails | 3 4 5 6 |  6.2

Action                   |  1- 3 |  4- 6 |  7- 9 | 10-12 || total
-------------------------+-------+-------+-------+-------++-------
Melee: Flail             |   146 |   240 |   350 |       ||   736
       Morningstar       |       |       |   161 |   188 ||   349
  Use: Scroll            |     6 |     2 |     1 |       ||     9
       Potion            |     2 |     7 |     2 |     1 ||    12
  Eat: Chunk             |     2 |     8 |    10 |     2 ||    22
       Ration            |       |       |     1 |     1 ||     2
Armor: Scale mail        |    22 |       |       |       ||    22
       Chain mail        |    83 |   179 |   291 |    68 ||   621
Dodge: Dodged            |    43 |    68 |   124 |    49 ||   284
Block: Shield            |   109 |   181 |   348 |    94 ||   732
